 Dungeon Crawl Stone Soup version 0.29-a0-1027-gcd8c55af63 (webtiles) character file.

Game seed: 93055874186008882

13239 27heaven the Carver (level 11, -3/94 HPs)
             Began as a Grey Draconian Enchanter on Aug 12, 2022.
             Was a High Priest of Nemelex Xobeh.
             Slain by a blink frog (9 damage)
             ... on level 1 of the Lair of Beasts on Aug 13, 2022.
             The game lasted 00:34:20 (15155 turns).

27heaven the Carver (Grey Draconian Enchanter)     Turns: 15155, Time: 00:34:23

Health: -3/94      AC: 14    Str: 10    XL:     11   Next: 73%
Magic:  16/16      EV: 15    Int: 22    God:    Nemelex Xobeh [*****.]
Gold:   1530       SH:  0    Dex: 16    Spells: 11/16 levels left

rFire   + . .      SeeInvis .   e - +1 scimitar (flame)
rCold   + . .      Faith    +   (no shield)
rNeg    . . .      Spirit   .   (body armour unavailable)
rPois   .          Reflect  .   (helmet restricted)
rElec   .          Harm     .   L - scarf {rC+ rF+}
rCorr   .          Rampage  .   (no gloves)
Will    .....                   d - +1 pair of boots
Stlth   ++........              l - amulet of faith
HPRegen 0.25/turn               f - +6 ring of intelligence
MPRegen 0.15/turn               t - ring of flight

@: flying
A: AC +12, amphibious, unfitting armour, cold-blooded
a: Renounce Religion, Draw Escape, Draw Destruction, Draw Summoning, Draw Stack,
Triple Draw, Deal Four, Stack Five


You were on level 1 of the Lair of Beasts.
You worshipped Nemelex Xobeh.
Nemelex Xobeh was extremely pleased with you.
You visited 2 branches of the dungeon, and saw 12 of its levels.
You also visited: Bailey.

You collected 1530 gold pieces.

Inventory:

Hand Weapons
 e - a +1 scimitar of flaming (weapon)
 m - a +1 scimitar of holy wrath
 z - a +1 short sword of electrocution
 B - a +3 falchion
 P - a +2 falchion of freezing
Missiles
 H - 5 throwing nets (quivered)
Armour
 d - a +1 pair of boots (worn)
 G - a +2 cloak
 L - a scarf of resistance (worn)
Jewellery
 f - a +6 ring of intelligence (left hand)
 l - an amulet of faith (around neck)
 q - a ring of positive energy
 t - a ring of flight (right hand)
 J - an amulet of the acrobat
 Q - a ring of fire
Wands
 r - a wand of quicksilver (22)
 D - a wand of digging (3)
 F - a wand of flame (5)
 O - a wand of roots (17)
Scrolls
 h - 5 scrolls of vulnerability
 i - a scroll of immolation
 j - 2 scrolls of fog
 k - 5 scrolls of enchant weapon
 o - 7 scrolls of teleportation
 p - a scroll of acquirement {unknown}
 w - 3 scrolls of silence
 x - 2 scrolls of identify
 y - a scroll of summoning {unknown}
 A - 3 scrolls of brand weapon {unknown}
 E - a scroll of enchant armour {unknown}
 I - 2 scrolls of amnesia {unknown}
 M - a scroll of fear {unknown}
 R - a scroll of poison {unknown}
Potions
 a - 4 potions of cancellation {unknown}
 b - 2 potions of invisibility
 c - 2 potions of haste
 g - 2 potions of resistance {unknown}
 n - 7 potions of flight
 s - 2 potions of heal wounds
 u - 3 potions of mutation {unknown}
 v - 3 potions of curing
 C - 2 potions of magic
 K - a potion of degeneration {unknown}
 N - a potion of berserk rage {unknown}


   Skills:
 + Level 7.9 Fighting
 - Level 1.0(9.0) Short Blades
 - Level 13.9(14.0) Long Blades
 + Level 6.3 Dodging
 - Level 2.6 Stealth
 - Level 3.3 Spellcasting
 - Level 3.8 Hexes
 + Level 7.6 Invocations


You had 11 spell levels left.
You knew the following spells:

 Your Spells              Type           Power      Damage    Failure   Level
a - Ensorcelled Hibernat  Hex/Ice        24%        N/A       9%          2
b - Tukima's Dance        Hex            20%        N/A       8%          3

Your spell library contained the following spells:

 Spells                   Type           Power      Damage    Failure   Level
 Confusing Touch          Hex            20%        N/A       8%          3
 Apportation              Tloc           6%         N/A       12%         1
 Magic Dart               Conj           12%        1d3       12%         1
 Necrotise                Necr           12%        1d4       12%         1
 Summon Small Mammal      Summ           12%        N/A       12%         1
 Dazzling Flash           Conj/Hex       24%        N/A       16%         3
 Searing Ray              Conj           6%         2d4       19%         2
 Fulminant Prism          Conj/Hex       6%         3d7       47%         4
 Passage of Golubria      Tloc           3%         N/A       75%         4
 Yara's Violent Unravell  Hex/Tmut       6%         3d5       83%         5


Dungeon Overview and Level Annotations

Branches:
Dungeon (11/15)            Temple (0/1) D:5            Lair (1/5) D:9
 Bailey (visited)
    Orc: D:9-12

Altars:
Elyvilon
Gozag
Makhleb
Nemelex Xobeh
Ru
Trog
Wu Jian
Zin
The Shining One


Innate Abilities, Weirdness & Mutations

Your dull iron-grey scales are very hard. (AC +12)
You are amphibious.
You cannot fit into any form of body armour.
You are cold-blooded and may be slowed by cold attacks.


Message History

The blink frog blinks!
The blink frog closely misses you.
You slash the blink frog! You burn the blink frog.
You kill the blink frog!
The blink frog hits you but does no damage.
You barely miss the blink frog. The blink frog hits you!
* * * LOW HITPOINT WARNING * * *
You closely miss the blink frog.
The blink frog is heavily wounded.
The blink frog completely misses you. The blink frog barely misses you.
The blink frog misses you.
You miss the blink frog.
The blink frog is heavily wounded.
The blink frog misses you. The blink frog hits you!
* * * LOW HITPOINT WARNING * * *
The blink frog hits you but does no damage.
You draw a card...
You have drawn Exile.
The plant is devoured by a tear in reality.
The blink frog is devoured by a tear in reality.
The blink frog misses you. x2; The blink frog closely misses you.
Unknown command.
You draw a card...
You have drawn Vitriol.
Press: ? - help, Shift-Dir - straight line, f - blink frog
Aim: a blink frog The bolt of acid misses the blink frog.
The blink frog hits you but does no damage. x3
You draw a card...
You have drawn Exile.
The plant is devoured by a tear in reality.
The blink frog closely misses you. The blink frog barely misses you.
The blink frog misses you.
You draw a card...
You have drawn Pain.
Press: ? - help, Shift-Dir - straight line, f/p - blink frog
Aim: a blink frog The blink frog convulses!
The blink frog closely misses you. The blink frog hits you.
* * * LOW HITPOINT WARNING * * *
The blink frog hits you!
You die...
Your body glows with a rainbow of weird colours and disappears.

#..#......................#
#...#........###..§.......#
...........### #..........#
....##......§###..#.......#
.#...#............#.......#
..................####P####
.........)....§.§.# ###
..F....#....###§FF#
..#..#..#######.@.##
.....#..## #.....#
....#...F######...##
##.##........##...#
#..#........>.....#
..#.......F#...##.##
.####...§.#........# .#
##....#....#P..# ..
#....#....~#..#


You could see 2 blink frogs.

Vanquished Creatures
  Fannar (D:10)
  Erica (D:8)
  A two-headed ogre (D:10)
  Nergalle (D:9)
  Lodul (D:10)
  Pikel (D:7)
  A gargoyle (D:10)
  A komodo dragon (Lair:1)
  Psyche (D:10)
  A troll (D:9)
  A polar bear (Lair:1)
  A hornet (D:10)
  2 blink frogs (Lair:1)
  A shadow (D:9)
  A wraith (D:9)
  A wyvern (D:7)
  3 yaks (D:9)
  Grum (D:7)
  4 water moccasins
  An acid dragon (D:7)
  12 orc warriors
  6 black bears
  2 ice beasts
  4 centaurs
  2 wolves
  8 ogres (D:10)
  4 kobold brigands
  3 bullfrogs (D:9)
  A scorpion (D:4)
  8 wights
  4 killer bees
  9 howler monkeys
  A jelly (D:6)
  6 orc priests
  6 hounds
  2 gnoll boudas (D:9)
  Crazy Yiuf (D:7)
  4 iguanas
  14 orc wizards
  6 gnolls
  9 adders
  A white imp (D:5)
  An ufetubus (D:5)
  2 worms
  3 dart slugs
  46 orcs
  11 ball pythons
  7 bats
  8 endoplasms
  9 giant cockroaches
  13 goblins
  8 hobgoblins
  2 jackals (D:2)
  4 quokkas
  5 frilled lizards
  38 kobolds
  2 rats
298 creatures vanquished.

Vanquished Creatures (collateral kills)
  A tarantella (D:10)
  A boggart (D:10)
  A kobold brigand (D:5)
  A wight (D:10)
  5 killer bees (D:7)
  A howler monkey (D:10)
  A river rat (D:10)
  6 orcs
  2 kobolds (D:5)
  A quokka (D:10)
  A rat (D:10)
21 creatures vanquished.

Vanquished Creatures (others)
  5 dancing weapons (D:10)
  49 fungi (D:9)
  55 plants
109 creatures vanquished.

Grand Total: 428 creatures vanquished

Notes
Turn   | Place    | Note
-------+----------+-------------------------------------------
     0 | D:1      | 27heaven the Draconian Enchanter began the quest for the
                  | Orb.
     0 | D:1      | Reached XP level 1. HP: 14/14 MP: 3/3
    94 | D:1      | Reached XP level 2. HP: 21/22 MP: 5/5
   145 | D:1      | Reached skill level 1 in Fighting
   344 | D:1      | Learned a level 2 spell: Ensorcelled Hibernation
   776 | D:1      | Reached XP level 3. HP: 28/28 MP: 6/6
  1022 | D:2      | Found a sparkling altar of Nemelex Xobeh.
  1065 | D:2      | Found a faded altar of an unknown god.
  1085 | D:2      | Became a worshipper of Nemelex Xobeh the Trickster
  1090 | D:2      | Learned a level 3 spell: Tukima's Dance
  1465 | D:2      | Reached XP level 4. HP: 18/36 MP: 8/8
  1808 | D:2      | Reached skill level 1 in Invocations
  2190 | D:3      | Reached * piety under Nemelex Xobeh
  2473 | D:3      | Reached XP level 5. HP: 26/42 MP: 9/9
  2474 | D:3      | HP: 2/42 [orc/+0 short sword (2)]
  2764 | D:3      | Received a gift from Nemelex Xobeh
  3713 | D:4      | Found a sacrificial altar of Ru.
  3721 | D:4      | Reached skill level 1 in Long Blades
  3721 | D:4      | Reached XP level 6. HP: 42/50 MP: 11/11
  3727 | D:4      | Reached skill level 2 in Long Blades
  3802 | D:4      | Reached skill level 3 in Long Blades
  3886 | D:4      | Reached skill level 4 in Long Blades
  3892 | D:4      | Your scales start taking on a dull iron-grey colour.
  3892 | D:4      | Reached XP level 7. HP: 17/56 MP: 12/12
  4137 | D:4      | Reached skill level 5 in Long Blades
  4528 | D:4      | Found an ornate altar of the Wu Jian Council.
  4712 | D:5      | Entered Level 5 of the Dungeon
  4732 | D:5      | Reached ** piety under Nemelex Xobeh
  4856 | D:5      | Received a gift from Nemelex Xobeh
  4904 | D:5      | Reached skill level 6 in Long Blades
  5057 | D:5      | Reached skill level 7 in Long Blades
  5173 | D:5      | Reached XP level 8. HP: 59/62 MP: 13/13
  5205 | D:5      | Found a staircase to the Ecumenical Temple.
  5440 | D:5      | Received a gift from Nemelex Xobeh
  5645 | D:5      | Reached *** piety under Nemelex Xobeh
  6030 | D:6      | Reached skill level 8 in Long Blades
  6118 | D:6      | Received a gift from Nemelex Xobeh
  6225 | D:6      | Identified the +1 ring mail of Ru's Delight {rC- Regen+
                  | Dex+3}
  6566 | D:6      | Found a glowing silver altar of Zin.
  6854 | D:7      | Reached **** piety under Nemelex Xobeh
  6891 | D:7      | Reached skill level 9 in Long Blades
  7088 | D:7      | Received a gift from Nemelex Xobeh
  7140 | D:7      | Noticed Pikel
  7149 | D:7      | Killed Pikel
  7150 | D:7      | Reached skill level 10 in Long Blades
  7150 | D:7      | Reached XP level 9. HP: 58/68 MP: 14/14
  7546 | D:7      | Reached skill level 11 in Long Blades
  7678 | D:7      | Noticed Joseph
  8133 | D:7      | Noticed Joseph
  8133 | D:7      | Joseph changed into Joseph the ice beast
  8139 | D:7      | Killed Joseph the ice beast
  8490 | D:7      | Found a runed translucent door.
  8491 | D:7      | Noticed Crazy Yiuf
  8685 | D:7      | Killed Crazy Yiuf
  8877 | D:8      | Noticed Erica
  8877 | D:8      | Noticed Grum
  9119 | D:7      | Reached skill level 12 in Long Blades
  9388 | D:7      | Killed Grum
  9712 | D:8      | Killed Erica
  9713 | D:8      | Reached skill level 13 in Long Blades
  9713 | D:8      | Reached XP level 10. HP: 70/75 MP: 15/15
  9768 | D:8      | Found a bloodstained altar of Trog.
  9790 | D:8      | Identified the +3 quarterstaff of Hepliaklqana's Anger
                  | {drain, Fly rPois Dex-2}
  9920 | D:8      | Found an opulent altar of Gozag.
 10626 | D:9      | Found a staircase to the Lair.
 10669 | D:9      | Found a glowing golden altar of the Shining One.
 10866 | D:9      | Reached ***** piety under Nemelex Xobeh
 11133 | D:10     | Entered Level 10 of the Dungeon
 11178 | D:10     | Noticed Fannar
 11178 | D:10     | Found a white marble altar of Elyvilon.
 11193 | D:10     | Noticed a gargoyle
 11269 | D:10     | Killed a gargoyle
 11270 | D:10     | Reached skill level 5 in Fighting
 11382 | D:10     | Killed Fannar
 11383 | D:10     | Reached skill level 5 in Invocations
 11399 | D:10     | Reached XP level 11. HP: 56/88 MP: 16/16
 11436 | D:10     | Found a flagged portal.
 11451 | Bailey   | Entered a bailey
 12714 | D:10     | Noticed Lodul
 12829 | D:10     | Noticed a two-headed ogre
 12875 | D:10     | Noticed Nergalle
 12894 | D:9      | Killed Nergalle
 12895 | D:9      | Reached skill level 5 in Dodging
 13232 | D:10     | Noticed Psyche
 13298 | D:10     | Killed Psyche
 13521 | D:10     | Killed Lodul
 13667 | D:10     | Found a burning altar of Makhleb.
 13706 | D:10     | Killed a two-headed ogre
 13790 | D:10     | Received a gift from Nemelex Xobeh
 13793 | D:10     | Found the +10 Black Knight's barding {ponderous, rPois rN+}
 13805 | D:10     | Noticed Harold
 13815 | D:10     | Noticed Harold
 13815 | D:10     | Harold changed into Harold the tarantella
 13821 | D:10     | Killed Harold the tarantella
 14591 | Lair:1   | Entered Level 1 of the Lair of Beasts
 15155 | Lair:1   | Slain by a blink frog

Illustrated notes

Levels and vault maps discovered:
D:1:      lightli_arrival_farm, layout_loops_ring, minmay_tromino_i2
D:2:      layout_rooms, shapermc_ecumenical_altar_flowoftime, basic_altar
D:3:      layout_basic, minmay_crystal_water
D:4:      layout_loops_ring, nicolae_wu_jian_glorious_leap,
          kennysheep_little_box, item_on_display_a
D:5:      layout_gridville, minmay_temple_entry_enclosed_plants, minmay_holes,
          amcnicky_mini_rare_corridor_liquid, minmay_misc_feat_x
D:6:      layout_rooms, zin_treasury, serial_co_window_serial,
          co_window_paths_b, co_window_paths_a, co_window_paths_a,
          co_window_paths_b, co_window_paths_a, co_window_corner_a,
          co_window_corner_a, co_window_unsneaky_path_e, co_window_2corner,
          co_window_corner_cb, glass_columns_a, glass_columns_b,
          glass_columns_a, glass_columns_a, glass_columns_a
D:7:      layout_gridville, uniq_crazy_yiuf_cottage, uniq_joseph, uniq_pikel
D:8:      layout_gridville, bloody_trog, old_standard_altar, uniq_grum,
          uniq_erica
D:9:      layout_basic, mainiacjoe_overflow_chevrons,
          due_lair_maze_entry_diamond
D:10:     layout_roguey, mainiacjoe_overflow_24_doors,
          mainiacjoe_overflow_tiny_flanked, enter_bailey_3, uniq_lodul,
          uniq_psyche, uniq_fannar, uniq_harold, uniq_nergalle
D:11:     layout_roguey [special_room_orc], uniq_gastronok, uniq_sonja,
          uniq_erolcha
Lair:1:   layout_gridlike, grunt_forest_stairs_basic, grunt_megastairs_2

Skill      XL: |  1  2  3  4  5  6  7  8  9 10 11 |
---------------+----------------------------------+-----
Fighting       | 1 2 5 7 |  7.9
Hexes          | 3 |  3.8
Invocations    | 1 2 5 7 |  7.6
Spellcasting   | 3 |  3.3
Long Blades    | 1 4 7 10 13 | 13.9
Dodging        | 4 6 |  6.3
Short Blades   | |  1.0
Stealth        | |  2.6

Action                   |  1- 3 |  4- 6 |  7- 9 | 10-12 || total
-------------------------+-------+-------+-------+-------++-------
Melee: Dagger            |   153 |   130 |       |       ||   283
       Tailslap          |    19 |    41 |    61 |    57 ||   178
       Punch             |     2 |     4 |     3 |     5 ||    14
       Short sword       |       |    36 |       |       ||    36
       Falchion          |       |    91 |   427 |       ||   518
       Scimitar          |       |       |       |   419 ||   419
Throw: Throwing net      |       |       |       |     1 ||     1
 Cast: Ensorcelled Hiber |     4 |       |     1 |     3 ||     8
       Tukima's Dance    |       |       |       |    21 ||    21
Invok: Draw Destruction  |       |     5 |     4 |    13 ||    22
       Draw Summoning    |       |       |     2 |     2 ||     4
       Draw Escape       |       |       |     1 |     1 ||     2
       Stack Five        |       |       |       |     1 ||     1
       Draw Stack        |       |       |       |     1 ||     1
  Use: Scroll            |       |     5 |     3 |     3 ||    11
       Potion            |       |     2 |       |     2 ||     4
 Stab: Sleeping          |     8 |     1 |     6 |     2 ||    17
       Distracted        |       |       |     1 |     2 ||     3
       Petrified         |       |       |     2 |       ||     2
Armor: Skin              |    74 |   116 |   292 |   140 ||   622
Dodge: Dodged            |   134 |   190 |   266 |   250 ||   840

Table legend: (Time is in decaauts)
 A = Elapsed time spent in this place.
 B = Non-inter-level travel time spent in this place.
 C = Inter-level travel time spent in this place.
 D = Time resting spent in this place.
 E = Time spent auto-exploring this place.
 F = Levels seen in this place.
 G = Mean time per level.
                   A        B        C        D        E       F      G
               +--------+--------+--------+--------+--------+-----+--------+
         Total |  14998 |  14706 |    292 |   3168 |   7981 |  13 | 1153.7 |
       Dungeon |  13733 |  13441 |    292 |   2791 |   7583 |  11 | 1248.5 |
          Lair |    551 |    551 |      0 |      0 |    387 |   1 |  551.0 |
        Bailey |    713 |    713 |      0 |    377 |     11 |   1 |  713.0 |
               +--------+--------+--------+--------+--------+-----+--------+

Top non-repeatable levels by time:
     D:7: 2741 daAuts
     D:9: 2000 daAuts
    D:10: 1728 daAuts
     D:4: 1387 daAuts
     D:3: 1348 daAuts
     D:1: 1269 daAuts
     D:5: 1216 daAuts
     D:6: 840 daAuts
     D:2: 735 daAuts
  Bailey: 713 daAuts
  Lair:1: 551 daAuts
     D:8: 432 daAuts
    D:11: 31 daAuts
